 Dungeon Crawl Stone Soup version 0.24-a0-416-g56ce5178b7 (webtiles) character file.

Game seed: 7015426089628715765

21 pljop the Cutter (level 2, 24/24 HPs)
             Began as a Demonspawn Monk on June 9, 2019.
             Got out of the dungeon alive.
             The game lasted 00:02:31 (677 turns).

pljop the Cutter (Demonspawn Monk)                   Turns: 677, Time: 00:02:32

Health: 24/24      AC:  7    Str: 11    XL:     2   Next: 62%
Magic:  2/2        EV: 11    Int: 11    God:
Gold:   55         SH:  0    Dex: 15    Spells: 1/1 levels left

rFire    . . .     SeeInvis .   a - +0 short sword
rCold    . . .     Gourm    .   (no shield)
rNeg     . . .     Faith    .   l - +0 ring mail
rPois    .         Spirit   .   k - +1 helmet
rElec    .         Reflect  .   (no cloak)
rCorr    .         Harm     .   (no gloves)
MR       .....                  (no boots)
Stlth    +.........             (no amulet)
HPRegen  0.08/turn              (no ring)
MPRegen  0.08/turn              (no ring)

@: no status effects
A: powered by death 1
a: no special abilities


You escaped.
You were not hungry.

You visited 1 branch of the dungeon, and saw 1 of its levels.

You collected 55 gold pieces.

Inventory:

Hand Weapons
 a - a +0 short sword (weapon)
 i - a +0 hunting sling
Missiles
 f - 24 bolts
 h - 14 stones (quivered)
Armour
 k - a +1 helmet (worn)
 l - a +0 ring mail (worn)
Scrolls
 d - 3 scrolls of random uselessness {unknown}
Potions
 b - a potion of invisibility {unknown}
 j - 2 potions of curing {unknown}
Comestibles
 c - a ration
 g - 2 chunks of flesh


   Skills:
 - Level 3.0 Fighting
 + Level 3.6 Short Blades
 - Level 2.6 Dodging
 - Level 1.7 Stealth


You had one spell level left.
You didn't know any spells.
Your spell library was empty.

Dungeon Overview and Level Annotations

Branches:
Dungeon (1/15)

Altars:


Innate Abilities, Weirdness & Mutations

You regenerate a little health from kills.


Message History

The slug dart misses you. The dart slug bites you.
You hit the dart slug.
The dart slug is heavily wounded.
The dart slug bites you but does no damage.
You hit the dart slug.
You kill the dart slug!
You see here a dart slug corpse.
You see here a dart slug corpse.
You butcher the dart slug corpse.
g - 2 chunks of flesh (gained 1) No monsters, items or features are visible.
No monsters, items or features are visible.
There is an open door here.
You enter the shallow water.
Moving in this stuff is going to be slow.
There is an open door here.
There is a staircase leading out of the dungeon here.
Are you sure you want to leave the Dungeon?
This will make you lose the game!
You have escaped!

################
≈≈≈≈≈≈≈≈≈≈≈≈≈≈≈≈#
≈≈≈≈≈≈≈≈≈≈≈≈≈≈≈≈#
≈≈≈≈≈≈≈≈≈≈≈≈≈≈≈≈#
≈≈≈≈≈≈≈.≈.≈≈≈≈≈.#
≈≈≈≈≈≈≈≈..≈.....#
≈≈≈≈≈.≈≈≈......##
≈≈≈≈).≈........#
≈≈≈≈.≈.@.......##
≈≈≈≈≈≈..........#
≈≈.≈≈...........#
≈≈≈≈............##
≈≈...............#
≈≈...............###
≈≈≈................#
≈≈≈................#
≈≈≈..###...........####.


There were no monsters in sight!

Vanquished Creatures
  2 dart slugs (D:1)
  A giant cockroach (D:1)
  3 goblins (D:1)
  A hobgoblin (D:1)
  3 jackals (D:1)
  2 bats (D:1)
  A frilled lizard (D:1)
  2 kobolds (D:1)
  2 rats (D:1)
17 creatures vanquished.

Notes
Turn   | Place    | Note
-------+----------+-------------------------------------------
     0 | D:1      | pljop the Demonspawn Monk began the quest for the Orb.
     0 | D:1      | Reached XP level 1. HP: 18/18 MP: 1/1
   166 | D:1      | Gained mutation: You regenerate a little health from kills.
                  | [demonic ancestry]
   166 | D:1      | Reached XP level 2. HP: 21/24 MP: 2/2
   677 | D:$      | Got out of the dungeon alive.

Levels and vault maps discovered:
D:1:      nicolae_arrival_washed_ashore, layout_loops_ring,
          chequers_serial_rivers_room_b

Skill      XL: |  1 |
---------------+----+-----
Short Blades   | 3 |  3.6
Fighting       | |  3.0
Dodging        | |  2.6
Stealth        | |  1.7

Action                   || total
-------------------------++-------
Melee: Short sword       ||    47
 Fire: Hunting sling     ||     6
Throw: Stone             ||     7
 Stab: Sleeping          ||     3
Armor: Leather armour    ||     2
       Ring mail         ||     8
Dodge: Dodged            ||    24

Table legend:
 A = Non-vault XP
 B = Vault XP
 C = Vault XP percentage of total XP
 D = Non-vault monster count
 E = Vault monster count
 F = Vault count percentage of total count
                 A         B        C        D         E       F
            +---------+---------+-------+---------+---------+-------
      Total |      30 |       0 |   0.0 |      17 |       0 |   0.0
            +---------+---------+-------+---------+---------+-------
        D:1 |      30 |       0 |   0.0 |      17 |       0 |   0.0
            +---------+---------+-------+---------+---------+-------
